 Dungeon Crawl Stone Soup version 0.30-a0-726-gd89dcf765f (webtiles) character file.

Game seed: 6153893844201649547

228 scionoferis the Shooter (level 5, -11/39 HPs)
             Began as a Demigod Hexslinger on Jan 29, 2023.
             Mangled by an ice beast (13 damage)
             ... on level 5 of the Dungeon.
             The game lasted 00:06:15 (3077 turns).

scionoferis the Shooter (Demigod Hexslinger)        Turns: 3077, Time: 00:06:15

Health: -11/39     AC:  7    Str: 11    XL:     5   Next: 42%
Magic:  3/3        EV: 13    Int: 15    God:
Gold:   234        SH:  0    Dex: 18    Spells: 5/6 levels left

rFire   . . .      SeeInvis .    a - +5 dagger of Proximity {antimagic, Will+ rCorr}
rCold   . . .      Faith    .    (no shield)
rNeg    + . .      Spirit   .    c - +0 robe
rPois   +          Reflect  .    l - +0 helmet
rElec   .          Harm     .    i - +1 cloak {rPois}
rCorr   +          Rampage  .    y - +1 pair of gloves
Will    +....                    (no boots)
Stlth   ++                       (no amulet)
HPRegen 0.26/turn                D - ring of positive energy
MPRegen 0.08/turn                (no ring)

@: no status effects
A: high MP 1, forlorn, divine attributes
a: no special abilities


You were on level 5 of the Dungeon.
You visited 1 branch of the dungeon, and saw 5 of its levels.

You collected 234 gold pieces.


Innate Abilities, Weirdness & Mutations

You have an increased reservoir of magic. (+10% MP)
You shall have no god before yourself.
Your divine heritage dramatically boosts your attributes as you level up.


   Skills:
 - Level 0.8 Fighting
 * Level 4.1 Ranged Weapons
 + Level 3.0 Dodging
 + Level 2.5 Stealth
 - Level 1.0 Spellcasting
 - Level 2.6 Hexes


You had 5 spell levels left.
You knew the following spells:

 Your Spells              Type           Power      Damage    Failure   Level
a - Slow                  Hex            32%        N/A       9%          1

Your spell library contained the following spells:

 Spells                   Type           Power      Damage    Failure   Level
 Inner Flame              Hex/Fire       4%         N/A       38%         3
 Portal Projectile        Hex/Tloc       8%         N/A       38%         3
 Cause Fear               Hex            4%         N/A       63%         4
 Flame Wave               Conj/Fire      0%         2d4       94%         4
 Sticky Flame             Conj/Fire      0%         2d3       94%         4

Inventory:

Hand Weapons
 a - the +5 dagger of Proximity (weapon) {antimagic, Will+ rCorr}
   (You found it on level 3 of the Dungeon)

   rCorr:     It protects you from acid and corrosion.
   Will:      It increases your willpower.
 b - a +1 sling
Missiles
 g - 2 curare-tipped darts
 n - 2 javelins
 s - 2 boomerangs
Armour
 c - a +0 robe (worn)
 i - a +1 cloak of poison resistance (worn)
   (You found it on level 1 of the Dungeon)
 l - a +0 helmet (worn)
   (You found it on level 1 of the Dungeon)
 y - a +1 pair of gloves (worn)
   (You found it on level 3 of the Dungeon)
Magical Staves
 z - a staff of fire
   (You found it on level 4 of the Dungeon)
Jewellery
 x - a ring of ice
   (You took it off an orc on level 3 of the Dungeon)
 D - a ring of positive energy (left hand)
   (You found it on level 5 of the Dungeon)
Wands
 E - a wand of polymorph (3)
   (You found it on level 5 of the Dungeon)
Scrolls
 d - 3 scrolls of enchant weapon {unknown}
 o - 2 scrolls of identify {unknown}
 p - 4 scrolls of immolation {unknown}
 r - a scroll of enchant armour {unknown}
 t - a scroll of magic mapping {unknown}
 u - 2 scrolls of teleportation {unknown}
 v - 3 scrolls of poison
 w - a scroll of silence {unknown}
 B - 2 scrolls of fog {unknown}
 C - a scroll of summoning {unknown}
Potions
 e - 3 potions of mutation {unknown}
 f - 4 potions of flight {unknown}
 h - a potion of heal wounds {unknown}
 j - a potion of attraction {unknown}
 k - a potion of haste {unknown}
 m - 2 potions of lignification {unknown}
 q - a potion of resistance {unknown}
 A - a potion of brilliance {unknown}

Dungeon Overview and Level Annotations

Branches:
Dungeon (5/15)
 Temple: D:4-7

Annotations:
D:3 Grinder

###################
#.@................
#Y#################
... ..... .......
....... .......
.......


You could see an ice beast.


Message History

There is an open door here.
A kobold comes into view. It is wielding a +0 short sword.
You shoot a sling bullet. The sling bullet hits the kobold.
You kill the kobold!
No target in view!
No target in view!
Found a stone staircase leading down.
Found a helmet.
You now have 41 gold pieces (gained 17).
A bat and a kobold come into view.
You shoot a sling bullet. The sling bullet hits the kobold.
The kobold is moderately wounded.
The bat barely misses you.
You shoot a sling bullet. The sling bullet misses the bat.
The sling bullet hits the plant.
The plant begins to die.
The plant is lightly damaged.
The bat closely misses you.
You shoot a sling bullet. The sling bullet barely misses the bat.
The sling bullet hits the plant.
The plant is lightly damaged.
The bat hits you but does no damage.
The bat hits the fungus.
The fungus begins to die.
You shoot a sling bullet. The sling bullet misses the kobold.
The sling bullet hits the fungus but does no damage.
The kobold hits you with a +0 short sword.
You shoot a sling bullet. The sling bullet hits the kobold.
You kill the kobold!
A nearby plant withers and dies.
The bat barely misses you.
The bat hits the fungus.
The fungus begins to die.
Your Stealth skill increases to level 1!
You shoot a sling bullet. The sling bullet hits the bat.
The bat is moderately wounded.
A nearby fungus withers and dies.
The bat closely misses you.
You shoot a sling bullet. The sling bullet barely misses the bat.
The bat completely misses you. The bat hits you but does no damage.
You shoot a sling bullet.
The sling bullet closely misses the bat.
The sling bullet hits the fungus.
The fungus is lightly damaged.
The bat closely misses you.
You shoot a sling bullet. The sling bullet hits the bat.
The bat is severely wounded.
A nearby fungus withers and dies.
The bat misses you.
You shoot a sling bullet. The sling bullet hits the bat!
You kill the bat!
No target in view!
No target in view!
No target in view!
Search for what [? for help]? helm You see here a +0 helmet.
l - a +0 helmet You start putting on your armour.
You continue putting on your +0 helmet. x4
You finish putting on your +0 helmet.
You open the door.
There is an open door here.
You open the door.
There is an open door here.
There is an open door here.
You see here a +0 short sword.
You open the door.
There is a faded altar of an unknown god here.
Done exploring.
Done exploring.
You see here a +0 short sword.
There is a stone staircase leading down here.
Search for what [Enter for "helm", or ? for help]? d: Unknown command.
You climb downwards.
Found a fizzy cyan potion.
There is a stone staircase leading up here.
You shoot a sling bullet. The sling bullet barely misses the rat.
You hear an angry hiss.
An endoplasm comes into view.
You shoot a sling bullet. The sling bullet hits the endoplasm.
You kill the endoplasm!
You shoot a sling bullet. The sling bullet barely misses the rat.
You hear an angry hiss.
The rat bites you but does no damage.
An adder comes into view.
You shoot a sling bullet. The sling bullet hits the rat.
You kill the rat!
You shoot a sling bullet.
The sling bullet barely misses the adder.
The adder bites you.
You are poisoned.
The adder poisons you! The adder misses you.
You shoot a sling bullet. The sling bullet misses the adder.
You feel sick. The adder closely misses you. The adder bites you.
You shoot a sling bullet.
The sling bullet hits the adder but does no damage.
You feel sick. The adder barely misses you.
You shoot a sling bullet. The sling bullet misses the adder.
You feel sick. The adder closely misses you. x2
You shoot a sling bullet. The sling bullet hits the adder!
The adder is severely wounded.
You feel sick.
You are no longer poisoned.
The adder bites you but does no damage.
You shoot a sling bullet. The sling bullet hits the adder.
You kill the adder!
No target in view!
You climb upwards.
There is a stone staircase leading down here.
You start resting.
HP restored.
You climb downwards.
There is a stone staircase leading up here.
m - a fizzy cyan potion A ball python comes into view.
Found a mace.
Found a stone staircase leading down.
Unknown command.
You shoot a sling bullet. The sling bullet hits the ball python.
You kill the ball python!
No target in view!
No target in view!
An adder comes into view.
Found a short sword.
You shoot a sling bullet. The adder hisses angrily.
The sling bullet hits the adder.
The adder is moderately wounded.
The adder barely misses you.
You shoot a sling bullet.
The sling bullet hits the adder but does no damage.
The adder is moderately wounded.
The adder barely misses you.
You shoot a sling bullet. The sling bullet hits the adder.
The adder is moderately wounded.
The adder bites you but does no damage. x2
You shoot a sling bullet.
The sling bullet barely misses the adder.
The adder bites you but does no damage. The adder bites you.
You shoot a sling bullet. The sling bullet hits the adder.
The adder is heavily wounded.
The adder closely misses you.
You shoot a sling bullet.
The sling bullet closely misses the adder.
The adder bites you but does no damage. The adder completely misses you.
You shoot a sling bullet. The sling bullet hits the adder.
The adder is almost dead.
The adder bites you. The adder barely misses you.
You shoot a sling bullet.
The sling bullet closely misses the adder.
The adder bites you but does no damage.
You shoot a sling bullet. The sling bullet hits the adder.
You kill the adder!
You have reached level 3!
Your experience leads to a dramatic increase in your attributes!
Increase (S)trength, (I)ntelligence, or (D)exterity?
You feel agile. x4
HP restored.
You see here an adder corpse.
There is a stone staircase leading down here.
You open the door.
Found 2 javelins.
There is an open door here.
You see here 2 javelins.
n - 2 javelins An adder comes into view.
You shoot a sling bullet. The sling bullet hits the adder.
The adder hisses angrily.
The adder is moderately wounded.
You shoot a sling bullet.
The sling bullet closely misses the adder.
You shoot a sling bullet.
The sling bullet completely misses the adder.
You shoot a sling bullet.
The sling bullet closely misses the adder.
The adder barely misses you.
You shoot a sling bullet.
The sling bullet completely misses the adder.
The adder misses you.
You shoot a sling bullet. The sling bullet hits the adder.
The adder is heavily wounded.
The adder bites you but does no damage. x2
You shoot a sling bullet. The sling bullet misses the adder.
The adder misses you. The adder closely misses you.
You shoot a sling bullet. The sling bullet hits the adder.
The adder is heavily wounded.
The adder bites you but does no damage.
You shoot a sling bullet. The sling bullet hits the adder.
You kill the adder!
No target in view!
You open the door.
There is an open door here.
Found a stone staircase leading up.
o - a scroll labelled PUIMUI SEUFF
There is a stone staircase leading up here.
There is an open door here.
Found a stone staircase leading down.
p - 3 scrolls labelled MEJU HESUU A quokka comes into view.
Found 7 gold pieces and a fuming purple potion.
You shoot a sling bullet.
The sling bullet hits the quokka but does no damage.
You shoot a sling bullet. The sling bullet hits the quokka!
You kill the quokka!
No target in view!
No target in view!
A rat comes into view.
You shoot a sling bullet.
The sling bullet hits the rat but does no damage.
The rat twitches its whiskers.
You shoot a sling bullet. The sling bullet hits the rat.
You kill the rat!
No target in view!
Found 5 stones.
You see here a quokka corpse.
You now have 48 gold pieces (gained 7).
q - a fuming purple potion An endoplasm comes into view.
You shoot a sling bullet. The sling bullet hits the endoplasm!
You kill the endoplasm!
No target in view!
No target in view!
You see here 5 stones.
You now have 56 gold pieces (gained 8).
You open the door.
Found an escape hatch in the ceiling.
There is an open door here.
A rat comes into view.
You shoot a sling bullet. The sling bullet hits the rat!
You kill the rat!
No target in view!
No target in view!
r - a scroll labelled REUMAM BA MUISCH You open the door.
There is an open door here.
You open the door.
There is an open door here.
A quokka comes into view.
Found 10 gold pieces.
You shoot a sling bullet.
The sling bullet hits the quokka but does no damage.
You shoot a sling bullet.
The sling bullet closely misses the quokka.
You shoot a sling bullet. The sling bullet misses the quokka.
The quokka twitches its whiskers.
You shoot a sling bullet.
The sling bullet closely misses the quokka.
The quokka closely misses you. The quokka bites you.
You shoot a sling bullet.
The sling bullet hits the quokka but does no damage.
The quokka completely misses you.
You shoot a sling bullet.
The sling bullet closely misses the quokka.
The quokka bites you.
You shoot a sling bullet. The sling bullet hits the quokka.
The quokka is lightly wounded.
The quokka completely misses you. The quokka closely misses you.
You shoot a sling bullet.
The sling bullet completely misses the quokka.
The quokka completely misses you.
You shoot a sling bullet.
The sling bullet closely misses the quokka.
The quokka bites you. x2
You shoot a sling bullet. The sling bullet hits the quokka.
You kill the quokka!
No target in view!
No target in view!
You now have 66 gold pieces (gained 10).
Found a robe and 2 boomerangs.
You see here a +0 robe.
You see here 2 boomerangs.
s - 2 boomerangs You see here a +0 robe.
A bat comes into view.
Found a stone staircase leading down.
You shoot a sling bullet. The sling bullet hits the bat.
You kill the bat!
No target in view!
No target in view!
You now have 75 gold pieces (gained 9).
m - 2 fizzy cyan potions (gained 1)
You see here a bat corpse.
As you open the door, it creaks loudly!
An adder and an endoplasm come into view.
The endoplasm quivers.
The adder hisses angrily.
You shoot a sling bullet.
The sling bullet hits the endoplasm but does no damage.
You shoot a sling bullet.
The sling bullet barely misses the endoplasm.
The sling bullet closely misses the adder.
You shoot a sling bullet.
The sling bullet hits the endoplasm but does no damage.
The endoplasm hits you.
You shoot a sling bullet. The sling bullet hits the endoplasm.
The endoplasm is moderately wounded.
The endoplasm freezes you.
You are frozen.
The endoplasm closely misses you.
You shoot a sling bullet. The sling bullet hits the endoplasm.
The endoplasm is heavily wounded.
The endoplasm hits you but does no damage.
You shoot a sling bullet.
The sling bullet barely misses the endoplasm.
The sling bullet closely misses the adder.
The endoplasm closely misses you.
You shoot a sling bullet. The sling bullet hits the endoplasm.
You kill the endoplasm!
The adder bites you.
Your Ranged Weapons skill increases to level 3!
You shoot a sling bullet. The sling bullet hits the adder!
The adder is severely wounded.
The adder closely misses you.
You shoot a sling bullet.
The sling bullet closely misses the adder.
The adder closely misses you. x2
You shoot a sling bullet. The sling bullet hits the adder.
You kill the adder!
No target in view!
There is an open door, spattered with blood here.
You see here an adder corpse.
You now have 87 gold pieces (gained 12).
b - 3 scrolls of poison (gained 1)
d - 2 scrolls labelled SIOJEI WELE (gained 1)
You see here a +0 mace.
You see here a rat corpse.
There is an open door, spattered with blood here.
You see here an adder corpse.
Found a stone staircase leading up.
There is a stone staircase leading up here.
As you open the large door, it creaks loudly!
Found a scroll labelled KEPEEM JOUTU and a scroll labelled GECWOU NICEC.
Found an escape hatch in the floor.
There is a large open door here.
There is a large open door here.
t - a scroll labelled KEPEEM JOUTU
u - a scroll labelled GECWOU NICEC
There is a large open door here.
There is a large open door here.
You open the door.
There is an open door here.
Done exploring.
Done exploring.
There is a stone staircase leading down here.
You climb downwards.
Found 5 gold pieces.
There is a stone staircase leading up here.
You shoot a sling bullet. The sling bullet hits the bat!
You kill the bat!
No target in view!
No target in view!
You now have 92 gold pieces (gained 5).
You open the door.
There is an open door here.
An adder comes into view.
You shoot a sling bullet.
The sling bullet hits the adder but does no damage.
The adder hisses angrily.
A ball python comes into view.
The ball python moves out of view.
You shoot a sling bullet. The sling bullet hits the adder.
The adder is lightly wounded.
You shoot a sling bullet.
The sling bullet closely misses the adder.
The ball python hisses angrily.
The adder misses you. The adder bites you but does no damage.
You shoot a sling bullet. The sling bullet hits the adder.
The adder is heavily wounded.
The adder bites you. The adder closely misses you.
You shoot a sling bullet.
The sling bullet closely misses the adder.
The sling bullet hits the ball python.
You kill the ball python!
The adder bites you.
You shoot a sling bullet.
The sling bullet closely misses the adder.
The adder misses you. The adder bites you but does no damage.
You shoot a sling bullet. The sling bullet misses the adder.
The adder closely misses you. x2
You shoot a sling bullet. The sling bullet hits the adder.
The adder is heavily wounded.
The adder bites you.
You shoot a sling bullet. The sling bullet hits the adder.
The adder is almost dead.
The adder closely misses you. x2
You shoot a sling bullet.
The sling bullet barely misses the adder.
The adder closely misses you.
You shoot a sling bullet.
The sling bullet barely misses the adder.
The adder bites you. x2
You shoot a sling bullet.
The sling bullet closely misses the adder.
The adder misses you. The adder bites you.
You shoot a sling bullet. The sling bullet hits the adder.
You kill the adder!
No target in view!
HP restored.
You see here a ball python corpse.
You see here the +5 dagger of Proximity {antimagic, Will+ rCorr}.
v - the +5 dagger of Proximity {antimagic, Will+ rCorr} Adjust to which letter? (? for menu, Esc to quit)
a - the +5 dagger of Proximity {antimagic, Will+ rCorr}
v - a +1 sling (weapon)
Adjust to which letter? (? for menu, Esc to quit)
b - a +1 sling (weapon);
v - 3 scrolls of poison
Found a stone staircase leading up.
Found a sling.
An adder comes into view.
You shoot a sling bullet. The sling bullet hits the adder.
The adder hisses angrily.
The adder is moderately wounded.
You shoot a sling bullet.
The sling bullet barely misses the adder.
The adder closely misses you.
You shoot a sling bullet.
The sling bullet closely misses the adder.
The adder bites you.
You shoot a sling bullet. The sling bullet hits the adder.
The adder is heavily wounded.
The adder closely misses you. The adder bites you.
You are poisoned.
The adder poisons you!
You feel magic leave you.
a - the +5 dagger of Proximity (weapon)
{antimagic, Will+ rCorr} You feel sick.
The adder bites you but does no damage.
You closely miss the adder.
The adder is heavily wounded.
You feel sick. The adder closely misses you.
You hit the adder.
The adder is almost dead.
You feel sick. The adder bites you but does no damage.
You barely miss the adder.
The adder is almost dead.
You feel sick. The adder bites you. x2
You are too injured to fight recklessly!
You are too injured to fight recklessly!
You are too injured to fight recklessly!
You miss the adder.
The adder is almost dead.
You feel sick. The adder closely misses you.
You hit the adder.
You kill the adder!
You feel sick.
You have reached level 4!
You feel magic returning to you.
b - a +1 sling (weapon)
You feel sick.
You are no longer poisoned.
You start resting.
Magic restored.
HP restored.
You now have 105 gold pieces (gained 13).
A rat comes into view.
Found an escape hatch in the ceiling.
You shoot a sling bullet. The sling bullet barely misses the rat.
You hear an angry hiss.
An adder comes into view.
You shoot a sling bullet. The sling bullet hits the adder.
The adder is lightly wounded.
You shoot a sling bullet. The sling bullet hits the adder!
You kill the adder!
You shoot a sling bullet. The sling bullet hits the rat!
You kill the rat!
You see here a rat corpse.
w - a scroll labelled YSHRUF LYSIUNA
There is an escape hatch in the ceiling here.
You now have 119 gold pieces (gained 14).
You see here a +0 robe.
An orc comes into view. It is wielding a +0 club.
You shoot a sling bullet. The sling bullet barely misses the orc.
You shoot a sling bullet. The sling bullet barely misses the orc.
You shoot a sling bullet. The sling bullet hits the orc!
You kill the orc!
No target in view!
No target in view!
A rat comes into view.
An orc comes into view. It is wielding a +0 whip.
You shoot a sling bullet. The orc shouts!
The sling bullet hits the rat!
You kill the rat!
You shoot a sling bullet. The sling bullet hits the orc.
The orc is severely wounded.
You shoot a sling bullet. The sling bullet hits the orc.
The orc is almost dead.
An orc comes into view. It is wielding a +0 falchion.
You shoot a sling bullet. The orc shouts!
The sling bullet hits the orc but does no damage.
The orc is almost dead.
You shoot a sling bullet. The sling bullet hits the orc.
You kill the orc!
You shoot a sling bullet. The sling bullet hits the orc.
The orc is moderately wounded.
You shoot a sling bullet. The sling bullet hits the orc.
The orc is heavily wounded.
You shoot a sling bullet. The sling bullet hits the orc.
The orc is severely wounded.
You shoot a sling bullet. The sling bullet barely misses the orc.
The orc hits you with a +0 falchion. The orc barely misses you.
You shoot a sling bullet. The sling bullet hits the orc!
You kill the orc!
No target in view!
u - 2 scrolls labelled GECWOU NICEC (gained 1)
Things that are here:
a +0 falchion; a +0 ring mail; an orc corpse
x - a ring of ice;
f - 4 puce potions (gained 1)
You now have 146 gold pieces (gained 27).
You see here a +0 club.
Found a stone staircase leading down.
There is a stone staircase leading down here.
You see here a +1 pair of gloves.
y - a +1 pair of gloves You start putting on your armour.
You continue putting on your +1 pair of gloves. x4
You finish putting on your +1 pair of gloves.
A bat comes into view.
You shoot a sling bullet. The sling bullet hits the bat.
The bat is moderately wounded.
You shoot a sling bullet. The sling bullet misses the bat.
The bat hits you but does no damage.
You shoot a sling bullet. The sling bullet hits the bat.
You kill the bat!
No target in view!
You see here a bat corpse.
Found a stone staircase leading up.
A kobold comes into view. It is wielding a +0 short sword.
You shoot a sling bullet. The sling bullet hits the kobold!
You kill the kobold!
No target in view!
No target in view!
There is a stone staircase leading up here.
A kobold comes into view. It is wielding a +0 club.
The kobold shouts!
You see here a +0 short sword.
A kobold is nearby!
You shoot a sling bullet. The sling bullet hits the kobold.
The kobold is severely wounded.
You shoot a sling bullet.
The sling bullet barely misses the kobold.
The kobold closely misses you.
You shoot a sling bullet.
The sling bullet barely misses the kobold.
The kobold misses you.
You shoot a sling bullet.
The sling bullet hits the kobold but does no damage.
The kobold is severely wounded.
The kobold misses you. The kobold barely misses you.
You shoot a sling bullet.
The sling bullet hits the kobold but does no damage.
The kobold is severely wounded.
The kobold hits you with a +0 club.
You shoot a sling bullet.
The sling bullet closely misses the kobold.
The kobold barely misses you.
You shoot a sling bullet.
The sling bullet barely misses the kobold.
The kobold misses you.
You shoot a sling bullet. The sling bullet hits the kobold!
You kill the kobold!
No target in view!
No target in view!
Things that are here:
a +0 club; a kobold corpse
o - 2 scrolls labelled PUIMUI SEUFF (gained 1)
There is an open door here.
Things that are here:
a +0 club; a kobold corpse You see here a +0 short sword.
There is a stone staircase leading up here.
You see here a bat corpse.
There is a stone staircase leading down here.
You see here a +0 club.
Things that are here:
a +0 falchion; a +0 ring mail; an orc skeleton
There is an escape hatch in the ceiling here.
You open the door.
There is an open door here.
You open the door.
There is an open door here.
A bat comes into view.
You shoot a sling bullet. The sling bullet hits the bat!
You kill the bat!
No target in view!
No target in view!
Grinder comes into view.
You feel magic leave you.
a - the +5 dagger of Proximity (weapon)
{antimagic, Will+ rCorr} You closely miss Grinder.
Grinder gestures at you. Pain shoots through your body!
You barely miss Grinder. Grinder gestures at you. You resist with some effort.
You hit Grinder.
Grinder's magic leaks into the air.
Grinder is lightly wounded.
Grinder hits you but does no damage.
You closely miss Grinder.
Grinder is lightly wounded.
Grinder says, "You look like you could use a good racking."
Grinder hits you.
You writhe in agony.
You hit Grinder.
Grinder's magic leaks into the air.
Grinder is lightly wounded.
Grinder barely misses you.
You hit Grinder but do no damage.
Grinder is lightly wounded.
Grinder hits you.
You writhe in agony.
You closely miss Grinder. Your punch misses Grinder.
Grinder is lightly wounded.
Grinder closely misses you.
You hit Grinder.
Grinder's magic leaks into the air.
Grinder is lightly wounded.
Grinder blinks!
Grinder blinks!
You see here a +0 sling.
Grinder gestures at you. You resist with almost no effort.
There is a stone staircase leading up here.
You climb upwards.
There is a stone staircase leading down here.
You see here a +0 mace.
There is a stone staircase leading down here.
You start resting.
HP restored.
You climb downwards.
Level annotation: Grinder
There is a stone staircase leading up here.
There is an open door here.
Things that are here:
a +0 ring mail; a +0 falchion; an orc skeleton You see here a +0 club.
There is a stone staircase leading down here.
You climb downwards.
Found 7 stones, 14 gold pieces and a helmet.
Found an escape hatch in the floor.
There is a stone staircase leading up here.
You feel magic returning to you.
b - a +1 sling (weapon)
You shoot a sling bullet. The sling bullet hits the endoplasm!
You kill the endoplasm!
No target in view!
No target in view!
Magic restored.
You now have 160 gold pieces (gained 14).
A worm comes into view.
You shoot a sling bullet. The sling bullet hits the worm!
The worm is heavily wounded.
You shoot a sling bullet. The sling bullet hits the worm.
The worm is severely wounded.
You shoot a sling bullet. The sling bullet hits the worm.
The worm is severely wounded.
You shoot a sling bullet.
The sling bullet barely misses the worm.
You shoot a sling bullet.
The sling bullet hits the worm but does no damage.
The worm is severely wounded.
You shoot a sling bullet. The sling bullet hits the worm!
You kill the worm!
No target in view!
Found a stone staircase leading down.
You see here a +0 helmet.
You see here a staff of fire.
z - a staff of fire An endoplasm comes into view.
You shoot a sling bullet. The sling bullet hits the endoplasm.
The endoplasm quivers.
The endoplasm is lightly wounded.
You shoot a sling bullet.
The sling bullet hits the endoplasm but does no damage.
The endoplasm is lightly wounded.
You shoot a sling bullet. The sling bullet hits the endoplasm.
You kill the endoplasm!
Your Stealth skill increases to level 2!
No target in view!
You now have 170 gold pieces (gained 10).
An adder comes into view.
Found a glowing kite shield.
You shoot a sling bullet. The sling bullet hits the adder.
The adder is heavily wounded.
You shoot a sling bullet. The sling bullet hits the adder.
The adder is heavily wounded.
You shoot a sling bullet.
The sling bullet closely misses the adder.
You shoot a sling bullet. The sling bullet hits the adder!
You kill the adder!
No target in view!
You see here a +2 kite shield.
You see here a +1 mace of protection.
You now have 179 gold pieces (gained 9).
A - a bubbling orange potion
Found a glowing golden altar of the Shining One.
Found 7 stones.
You now have 194 gold pieces (gained 15).
A quokka comes into view.
Your line of fire to the quokka is blocked by a plant.
Something bites the plant.
The plant begins to die.
Something bites the plant.
Something bites the plant. x2
Something bites the plant.
Something bites the plant.
A nearby plant withers and dies.
You feel magic leave you.
a - the +5 dagger of Proximity (weapon)
{antimagic, Will+ rCorr} You closely miss the quokka.
The quokka closely misses you.
You closely miss the quokka. The quokka closely misses you.
You closely miss the quokka. The quokka barely misses you.
You barely miss the quokka.
The quokka splashes around in the water.
You closely miss the quokka. The quokka barely misses you.
You hit the quokka.
The quokka is heavily wounded.
The quokka closely misses you.
The quokka splashes around in the water.
You hit the quokka.
You kill the quokka!
No target in view!
You feel magic returning to you.
b - a +1 sling (weapon)
An iguana comes into view.
Your line of fire to the iguana is blocked by a plant.
Fire: b) +1 sling
Press: ? - help, Q - select action, (/) - cycle Shift-Dir - straight line, f/p - iguana
Aim: an iguana (wandering, hasn't noticed you, 64% to hit)
Your line of fire to the iguana is blocked by a plant.
Fire: b) +1 sling
Press: ? - help, Q - select action, (/) - cycle Shift-Dir - straight line, f - plant, p - iguana
Aim: a plant (98% to hit)
You shoot a sling bullet. The iguana hisses angrily.
The sling bullet hits the plant.
The plant begins to die.
The plant is lightly damaged.
Your line of fire to the iguana is blocked by a plant.
Fire: b) +1 sling
Press: ? - help, Q - select action, (/) - cycle Shift-Dir - straight line, f/p - iguana
Aim: an iguana (64% to hit)
Your line of fire to the iguana is blocked by a plant.
Unknown command.
Fire: b) +1 sling
Press: ? - help, Q - select action, (/) - cycle Shift-Dir - straight line, f - plant, p - iguana
Aim: a plant (lightly damaged, withering away, 98% to hit)
You shoot a sling bullet. The sling bullet hits the plant.
The plant is lightly damaged.
Fire: b) +1 sling
Press: ? - help, Q - select action, (/) - cycle Shift-Dir - straight line, f/p - plant
Aim: a plant (lightly damaged, withering away, 98% to hit)
You shoot a sling bullet. The sling bullet hits the plant!
The plant is lightly damaged.
A nearby plant withers and dies.
Fire: b) +1 sling
Press: ? - help, Q - select action, (/) - cycle Shift-Dir - straight line, f - iguana
Aim: an iguana (64% to hit)
You shoot a sling bullet. The sling bullet hits the iguana.
The iguana is moderately wounded.
Fire: b) +1 sling
Press: ? - help, Q - select action, (/) - cycle Shift-Dir - straight line, f/p - iguana
Aim: an iguana (moderately wounded, 64% to hit)
You shoot a sling bullet.
The sling bullet barely misses the iguana.
The sling bullet hits the plant!
The plant begins to die.
The plant is lightly damaged.
Fire: b) +1 sling
Press: ? - help, Q - select action, (/) - cycle Shift-Dir - straight line, f/p - iguana
Aim: an iguana (moderately wounded, 64% to hit)
You shoot a sling bullet.
The sling bullet barely misses the iguana.
The sling bullet hits the plant.
The plant is lightly damaged.
You feel magic leave you.
a - the +5 dagger of Proximity (weapon)
{antimagic, Will+ rCorr} You barely miss the iguana.
The iguana is moderately wounded.
A nearby plant withers and dies.
The iguana bites you but does no damage.
You hit the iguana.
The iguana is heavily wounded.
The iguana splashes around in the water.
You hit the iguana.
The iguana is severely wounded.
The iguana barely misses you.
You closely miss the iguana.
The iguana is severely wounded.
The iguana barely misses you.
You hit the iguana.
You kill the iguana!
You feel magic returning to you.
b - a +1 sling (weapon)
You enter the shallow water.
Moving in this stuff is going to be slow.
Found a spear.
You see here a +0 spear.
As you open the door, it creaks loudly!
There is an open door here.
Found a robe.
You see here a +0 robe.
Found a stone staircase leading up.
Found a stone staircase leading down.
Found a stone.
Found an escape hatch in the ceiling.
A ball python comes into view.
You shoot a sling bullet. The ball python hisses angrily.
The sling bullet hits the ball python!
You kill the ball python!
No target in view!
No target in view!
An adder comes into view.
Found a scroll labelled SIOJEI WELE.
You shoot a sling bullet. The sling bullet misses the adder.
The adder hisses angrily.
You shoot a sling bullet. The sling bullet hits the adder!
The adder is almost dead.
You shoot a sling bullet. The sling bullet hits the adder.
The adder is almost dead.
The adder closely misses you.
You feel magic leave you.
a - the +5 dagger of Proximity (weapon)
{antimagic, Will+ rCorr} The adder bites you but does no damage.
You miss the adder.
The adder is almost dead.
The adder bites you.
You barely miss the adder.
The adder is almost dead.
The adder misses you.
You hit the adder.
You kill the adder!
You feel magic returning to you.
b - a +1 sling (weapon)
HP restored.
Found a stone staircase leading down.
You see here an adder corpse.
d - 3 scrolls labelled SIOJEI WELE (gained 1)
There is a stone staircase leading down here.
An orc and a giant cockroach come into view.
You shoot a sling bullet. The sling bullet hits the orc!
You kill the orc!
You have reached level 5!
You shoot a sling bullet.
The sling bullet hits the giant cockroach!
You kill the giant cockroach!
No target in view!
No target in view!
Found a mace.
Found 8 stones.
Found 5 stones.
B - a scroll labelled TOC JUUXTUIRYO You now have 202 gold pieces (gained 8).
You now have 207 gold pieces (gained 5).
A quokka comes into view.
You shoot a sling bullet. The sling bullet hits the quokka!
You kill the quokka!
No target in view!
No target in view!
You now have 215 gold pieces (gained 8).
Found a stone staircase leading up.
There is a stone staircase leading up here.
A hound comes into view.
You shoot a sling bullet.
The sling bullet closely misses the hound.
The hound barks!
You shoot a sling bullet. The sling bullet hits the hound.
The hound is lightly wounded.
You shoot a sling bullet. The sling bullet hits the hound.
The hound is moderately wounded.
No target in view!
No target in view!
No target in view!
A hound is nearby!
You shoot a sling bullet. The sling bullet hits the hound!
The hound is severely wounded.
You shoot a sling bullet.
The sling bullet completely misses the hound.
You shoot a sling bullet.
The sling bullet closely misses the hound.
You shoot a sling bullet. The sling bullet hits the hound!
You kill the hound!
No target in view!
You see here a ball python skeleton.
You see here a stone.
You enter the shallow water.
Moving in this stuff is going to be slow.
Done exploring.
There is a stone staircase leading down here.
Search for what [Enter for "d:", or ? for help]? d: Unknown command.
You climb downwards.
There is a stone staircase leading up here.
p - 4 scrolls labelled MEJU HESUU (gained 1)
Found a stone staircase leading up.
Found a stone staircase leading up.
You now have 227 gold pieces (gained 12).
Found a stone staircase leading down.
C - a scroll labelled IFEPTI WOMP
D - a ring of positive energy
E - a wand of polymorph (3)
D - a ring of positive energy (left hand)
B - 2 scrolls labelled TOC JUUXTUIRYO (gained 1)
There is a stone staircase leading down here.
A quokka comes into view.
You shoot a sling bullet. The sling bullet hits the quokka.
The quokka is heavily wounded.
You shoot a sling bullet. The sling bullet hits the quokka.
You kill the quokka!
No target in view!
No target in view!
An iguana comes into view.
You shoot a sling bullet. The sling bullet hits the iguana.
The iguana is lightly wounded.
You shoot a sling bullet.
The sling bullet barely misses the iguana.
You shoot a sling bullet.
The sling bullet barely misses the iguana.
You shoot a sling bullet. The sling bullet hits the iguana!
The iguana is heavily wounded.
You shoot a sling bullet.
The sling bullet hits the iguana but does no damage.
The iguana is heavily wounded.
You feel magic leave you.
a - the +5 dagger of Proximity (weapon)
{antimagic, Will+ rCorr} The iguana bites you.
You hit the iguana but do no damage.
The iguana is heavily wounded.
The iguana closely misses you.
You hit the iguana.
The iguana is severely wounded.
The iguana bites you.
You hit the iguana.
The iguana is almost dead.
The iguana bites you.
You puncture the iguana!
You kill the iguana!
Your Ranged Weapons skill increases to level 4!
Your Dodging skill increases to level 3!
You feel magic returning to you.
b - a +1 sling (weapon)
HP restored.
Magic restored.
Found a leather armour.
You now have 234 gold pieces (gained 7).
A worm comes into view.
You see here a +0 leather armour.
You shoot a sling bullet. The sling bullet hits the worm!
The worm is heavily wounded.
You shoot a sling bullet. The sling bullet hits the worm!
The worm is almost dead.
You shoot a sling bullet. The sling bullet hits the worm!
You kill the worm!
No target in view!
No target in view!
An ice beast comes into view.
Casting: Slow (safe; 9% risk of failure)
Confirm with . or Enter, or press ? or * to list all spells.
Aiming: Slow (safe; 9% risk of failure)
Press: ? - help, Shift-Dir - straight line, f - ice beast
Aim: an ice beast (chance to affect: 41%)
The ice beast seems to slow down.
Unknown command.
Fire: b) +1 sling
Press: ? - help, Q - select action, (/) - cycle Shift-Dir - straight line, f/p - ice beast
Aim: an ice beast (slow, 62% to hit)
You shoot a sling bullet. The sling bullet hits the ice beast!
The ice beast is moderately wounded.
Fire: b) +1 sling
Press: ? - help, Q - select action, (/) - cycle Shift-Dir - straight line, f/p - ice beast
Aim: an ice beast (moderately wounded, slow, 62% to hit)
You shoot a sling bullet.
The sling bullet barely misses the ice beast.
Fire: b) +1 sling
Press: ? - help, Q - select action, (/) - cycle Shift-Dir - straight line, f/p - ice beast
Aim: an ice beast (moderately wounded, slow, 62% to hit)
You shoot a sling bullet.
The sling bullet closely misses the ice beast.
You feel magic leave you.
a - the +5 dagger of Proximity (weapon)
{antimagic, Will+ rCorr} You hit the ice beast.
The ice beast is moderately wounded.
The ice beast is no longer moving slowly.
The ice beast hits you but does no damage.
You hit the ice beast.
The ice beast is heavily wounded.
The ice beast hits you. The ice beast freezes you!
You hit the ice beast.
The ice beast is severely wounded.
The ice beast misses you.
You hit the ice beast but do no damage.
The ice beast is severely wounded.
The ice beast hits you but does no damage.
You hit the ice beast but do no damage.
The ice beast is severely wounded.
The ice beast closely misses you.
You closely miss the ice beast.
The ice beast is severely wounded.
The ice beast hits you. The ice beast freezes you!
You hit the ice beast.
The ice beast is severely wounded.
The ice beast barely misses you.
You hit the ice beast.
The ice beast is severely wounded.
The ice beast hits you but does no damage.
You hit the ice beast but do no damage.
The ice beast is severely wounded.
The ice beast hits you. The ice beast freezes you!
* * * LOW HITPOINT WARNING * * *
You hit the ice beast but do no damage.
The ice beast is severely wounded.
The ice beast hits you.
* * * LOW HITPOINT WARNING * * *
The ice beast freezes you!
You die...

Skill      XL: |  1  2  3  4  5 |
---------------+----------------+-----
Ranged Weapons | 2 3 4 |  4.1
Dodging        | 2 3 |  3.0
Stealth        | 1 2 |  2.5
Fighting       | |  0.8
Spellcasting   | |  1.0
Hexes          | |  2.6

Action                     |  1- 3 |  4- 6 || total
---------------------------+-------+-------++-------
  Melee: Dagger            |     5 |    37 ||    42
   Fire: Sling             |   126 |    77 ||   203
   Cast: Slow              |       |     1 ||     1
 Armour: Robe              |    24 |     7 ||    31
  Dodge: Dodged            |    58 |    22 ||    80

Levels and vault maps discovered:
D:1:      amcnicky_arrival_choice, layout_basic, shapermc_ecumenical_altar_gd,
          nicolae_titane
D:2:      layout_basic
D:3:      layout_loops_corners, kiku_gazebo_garden_becter,
          grunt_temple_overflow_open, minmay_stone_trees_medium, uniq_grinder
D:4:      layout_rooms, tso_metal_star, serial_bayou_ford_a,
          minmay_crystal_water, minmay_misc_feat_x,
          chequers_serial_rivers_small_b, reono_crystal_passage
D:5:      layout_basic, ebering_dispersal_statue_hall

Notes
Turn   | Place    | Note
-------+----------+-------------------------------------------
     0 | D:1      | scionoferis the Demigod Hexslinger began the quest for the
                  | Orb.
     0 | D:1      | Reached XP level 1. HP: 15/15 MP: 4/4
    45 | D:1      | Reached skill level 2 in Ranged Weapons
   116 | D:1      | Reached skill level 2 in Dodging
   205 | D:1      | Reached XP level 2. HP: 22/22 MP: 5/5
   708 | D:1      | Reached skill level 1 in Stealth
   883 | D:2      | Reached XP level 3. HP: 24/27 MP: 6/6
  1182 | D:2      | Reached skill level 3 in Ranged Weapons
  1486 | D:3      | Identified the +5 dagger of Proximity {antimagic, Will+
                  | rCorr}
  1542 | D:3      | Reached XP level 4. HP: 15/34 MP: 2/8
  2039 | D:3      | Noticed Grinder
  2209 | D:4      | Reached skill level 2 in Stealth
  2563 | D:4      | Reached XP level 5. HP: 39/39 MP: 9/9
  2846 | D:5      | Entered Level 5 of the Dungeon
  2956 | D:5      | Reached skill level 4 in Ranged Weapons
  2956 | D:5      | Reached skill level 3 in Dodging
  3062 | D:5      | Noticed an ice beast
  3076 | D:5      | HP: 3/39 [ice beast (12)]
  3077 | D:5      | Mangled by an ice beast

Vanquished Creatures
  A hound (D:4)
  2 iguanas (D:4 D:5)
  9 adders (D:2 D:3 D:4)
  2 worms (D:4 D:5)
  A dart slug (D:1)
  4 orcs (D:3 D:4)
  5 endoplasms (D:2 D:4)
  2 giant cockroaches (D:1 D:4)
  3 goblins (D:1)
  7 kobolds (D:1 D:3)
  6 quokkas (D:1 D:2 D:4 D:5)
  4 ball pythons (D:1 D:2 D:3 D:4)
  8 bats (D:1 D:2 D:3)
  3 frilled lizards (D:1)
  6 rats (D:1 D:2 D:3)
63 creatures vanquished.

Vanquished Creatures (others)
  2 fungi (D:1)
  5 plants (D:1 D:4)
7 creatures vanquished.

Grand Total: 70 creatures vanquished

Table legend: (Time is in decaauts)
 A = Elapsed time spent in this place.
 B = Non-inter-level travel time spent in this place.
 C = Inter-level travel time spent in this place.
 D = Time resting spent in this place.
 E = Time spent auto-exploring this place.
 F = Levels seen in this place.
 G = Mean time per level.
                   A        B        C        D        E       F      G
               +--------+--------+--------+--------+--------+-----+--------+
         Total |   3133 |   3009 |    124 |     89 |   2397 |   5 |  626.6 |
       Dungeon |   3133 |   3009 |    124 |     89 |   2397 |   5 |  626.6 |
               +--------+--------+--------+--------+--------+-----+--------+

Top non-repeatable levels by time:
     D:1: 868 daAuts
     D:4: 727 daAuts
     D:3: 693 daAuts
     D:2: 612 daAuts
     D:5: 231 daAuts

Table legend:
 A = Non-vault XP
 B = Vault XP
 C = Vault XP percentage of total XP
 D = Non-vault monster count
 E = Vault monster count
 F = Vault count percentage of total count
                 A         B        C        D         E       F
            +---------+---------+-------+---------+---------+-------
      Total |     327 |       0 |   0.0 |      63 |       0 |   0.0
            +---------+---------+-------+---------+---------+-------
        D:1 |      30 |       0 |   0.0 |      20 |       0 |   0.0
        D:2 |      67 |       0 |   0.0 |      14 |       0 |   0.0
        D:3 |      60 |       0 |   0.0 |      14 |       0 |   0.0
        D:4 |     126 |       0 |   0.0 |      12 |       0 |   0.0
        D:5 |      44 |       0 |   0.0 |       3 |       0 |   0.0
            +---------+---------+-------+---------+---------+-------
